 Dungeon Crawl Stone Soup version 0.29.1-15-g9cfb28693d (webtiles) character file.

Game seed: 12361242290241746252

181 MacCMillion the Shooter (level 5, -2/41 HPs)
             Began as a Demigod Hunter on Apr 4, 2023.
             Killed from afar by an orc wizard (6 damage)
             ... with a magic dart
             ... on level 3 of the Dungeon.
             The game lasted 00:05:19 (2996 turns).

MacCMillion the Shooter (Demigod Hunter)            Turns: 2996, Time: 00:05:19

Health: -2/41      AC:  4    Str: 12    XL:     5   Next: 11%
Magic:  7/7        EV: 12    Int: 11    God:
Gold:   87         SH:  0    Dex: 21    Spells: 4/4 levels left

rFire   . . .      SeeInvis .   a - +0 shortbow
rCold   . . .      Faith    .   (shield currently unavailable)
rNeg    . . .      Spirit   .   c - +0 leather armour
rPois   .          Reflect  .   (no helmet)
rElec   .          Harm     .   m - +0 cloak
rCorr   .          Rampage  .   (no gloves)
Will    .....                   (no boots)
Stlth   ++........              (no amulet)
HPRegen 0.13/turn               (no ring)
MPRegen 0.10/turn               (no ring)

@: no status effects
A: high MP 1, forlorn, divine attributes
a: no special abilities


You were on level 3 of the Dungeon.
You visited 1 branch of the dungeon, and saw 3 of its levels.

You collected 87 gold pieces.

Inventory:

Hand Weapons
 a - a +0 shortbow (weapon)
Missiles
 q - a throwing net
Armour
 c - a +0 leather armour (worn)
 m - a +0 cloak (worn)
Jewellery
 l - a ring of magical power
 p - an amulet of guardian spirit
Scrolls
 b - a scroll of immolation
 e - a scroll of blinking {unknown}
 f - a scroll of identify
 g - a scroll of fog {unknown}
 i - a scroll of amnesia {unknown}
 o - a scroll of magic mapping {unknown}
Potions
 d - 2 potions of resistance
 h - a potion of lignification
 j - a potion of flight {unknown}
 k - a potion of brilliance {unknown}
 n - a potion of attraction {unknown}


   Skills:
 - Level 1.7 Fighting
 + Level 5.8 Ranged Weapons
 - Level 1.7 Dodging
 - Level 2.0 Stealth


You had 4 spell levels left.
You didn't know any spells.
Your spell library contained the following spells:

 Spells                   Type           Power      Damage    Failure   Level
 Scorch                   Fire           0%         2d5       56%         2
 Flame Wave               Conj/Fire      0%         2d4       99%         4
 Summon Cactus Giant      Summ           0%         N/A       100%        6


Dungeon Overview and Level Annotations

Branches:
Dungeon (3/15)

Shops:
D:1 :


Innate Abilities, Weirdness & Mutations

You have an increased reservoir of magic. (+10% MP)
You shall have no god before yourself.
Your divine heritage dramatically boosts your attributes as you level up.


Message History

The orc hits you but does no damage. Something hits you.
You shoot an arrow. The arrow closely misses the orc.
The orc hits you with a +0 hand axe.
You hear some strange, mumbled words.
A magic dart appears from out of thin air!
The magic dart hits you.
You are too injured to fight recklessly!
You are too injured to fight recklessly!
Something hits you but does no damage.
You are too injured to fight recklessly!
You are too injured to fight recklessly!
Something hits you. The orc closely misses you.
The orc wizard mumbles some strange words.
The orc wizard flickers and vanishes!
You are too injured to fight recklessly!
You are too injured to fight recklessly!
The orc attacks as you move away! The orc closely misses you.
You are too injured to fight recklessly!
Fire: a) +0 shortbow
Press: ? - help, Q - select action, (/) - cycle Shift-Dir - straight line, f/p - orc
Aim: an orc, wielding a +0 hand axe (heavily wounded, 64% to hit)
You shoot an arrow. The arrow hits the orc.
You kill the orc!
You hear some strange, mumbled words.
A puff of flame appears from out of thin air!
The puff of flame hits you!
* * * LOW HITPOINT WARNING * * *
Unknown command.
Fire: a) +0 shortbow
Press: ? - help, Q - select action, (/) - cycle Shift-Dir - straight line, f - you
Okay, then.
Something hits you.
* * * LOW HITPOINT WARNING * * *
Something hits you.
* * * LOW HITPOINT WARNING * * *
Something hits you.
* * * LOW HITPOINT WARNING * * *
A magic dart appears from out of thin air!
The magic dart hits you.
You die...

#....#.....######
#....#..........#
#...............#
#...##....#.....#
####...#####.).....#
### #......#
###.....# #..
#......# #.{...# #.#
#....### #.....# #.#
#....# #..@..#####.#
#....# #.........#.#
#....#
##.....###.#.########
#....#
#....#####.).##......
#....#
#....###...#.##.#####
#....#
#...)......+g##.##
######
####)###...#.....####
#)# #...####....##
#.# ##### #.##.##


There were no monsters in sight!

Vanquished Creatures
  7 gnolls
  4 adders
  2 worms
  2 dart slugs
  3 orcs (D:3)
  6 ball pythons
  6 bats
  5 endoplasms
  2 giant cockroaches (D:1)
  6 goblins
  4 hobgoblins
  4 jackals
  4 kobolds
  2 quokkas (D:2)
  2 frilled lizards
  4 rats
63 creatures vanquished.

Notes
Turn   | Place    | Note
-------+----------+-------------------------------------------
     0 | D:1      | MacCMillion the Demigod Hunter began the quest for the Orb.
     0 | D:1      | Reached XP level 1. HP: 17/17 MP: 3/3
    74 | D:1      | Reached skill level 1 in Stealth
   322 | D:1      | Found Foicotokk's Book Emporium.
   388 | D:1      | Reached XP level 2. HP: 24/24 MP: 4/4
   475 | D:1      | Reached skill level 4 in Ranged Weapons
   930 | D:2      | Reached XP level 3. HP: 23/29 MP: 5/5
  1015 | D:2      | Identified the +1 ring mail "Kit Orgh" {rC+}
  2276 | D:3      | Reached skill level 5 in Ranged Weapons
  2276 | D:3      | Reached XP level 4. HP: 30/36 MP: 6/6
  2867 | D:3      | Reached XP level 5. HP: 34/41 MP: 7/7
  2996 | D:3      | Killed from afar by an orc wizard

Illustrated notes

Levels and vault maps discovered:
D:1:      onia_arrival_mini_maze, layout_rooms, serial_shops,
          nicolae_lakefront_shop, ebering_ecumenical_altar_petrified,
          minmay_hexomino_u4
D:2:      layout_basic, basic_altar
D:3:      layout_basic, serial_shops, shop

Skill      XL: |  1  2  3 |
---------------+----------+-----
Stealth        | 1 2 |  2.0
Ranged Weapons | 4 5 |  5.8
Fighting       | |  1.7
Dodging        | |  1.7

Action                   |  1- 3 |  4- 6 || total
-------------------------+-------+-------++-------
 Fire: Shortbow          |   137 |    58 ||   195
  Use: Scroll            |       |     2 ||     2
Armor: Leather armour    |    21 |    11 ||    32
Dodge: Dodged            |    54 |    34 ||    88
